 Dungeon Crawl Stone Soup version 0.28.0-53-g5a82cb258f (webtiles) character file.

Game seed: 16834192419529338575

769 Infinimo the Skirmisher (level 7, -2/75 HPs)
             Began as an Ogre Gladiator on June 3, 2022.
             Slain by an orc warrior
             ... wielding a +0 scimitar
              (14 damage)
             ... on level 5 of the Dungeon.
             The game lasted 00:07:47 (7337 turns).

Infinimo the Skirmisher (Ogre Gladiator)            Turns: 7337, Time: 00:07:48

Health: -2/75      AC:  3    Str: 21    XL:     7   Next: 82%
Magic:  7/7        EV: 11    Int:  9    God:
Gold:   845        SH:  0    Dex: 10    Spells: 6/6 levels left

rFire   . . .      SeeInvis .   o - +2 morningstar (vorpal)
rCold   . . .      Faith    .   (no shield)
rNeg    . . .      Spirit   .   b - +0 robe
rPois   .          Reflect  .   c - +0 hat
rElec   .          Harm     .   (no cloak)
rCorr   .          Rampage  .   (gloves unavailable)
Will    .....                   (boots unavailable)
Stlth   +.........              (no amulet)
HPRegen 0.22/turn               (no ring)
MPRegen 0.10/turn               (no ring)

@: about to teleport
A: large, unfitting armour, tough skin 1
a: no special abilities


You were on level 5 of the Dungeon.
You visited 2 branches of the dungeon, and saw 6 of its levels.

You collected 923 gold pieces.
You spent 78 gold pieces at shops.

Inventory:

Hand Weapons
 h - a +0 dagger of venom
 n - a +2 flail of holy wrath
 o - a +2 vorpal morningstar (weapon)
Missiles
 d - 2 throwing nets (quivered)
Armour
 b - a +0 robe (worn)
 c - a +0 hat (worn)
Jewellery
 p - a ring of ice
Wands
 l - a wand of mindburst (14)
Scrolls
 a - a scroll of holy word {unknown}
 e - a scroll of fear
 f - a scroll of teleportation
 i - a scroll of enchant weapon
 m - 2 scrolls of identify
 q - a scroll of amnesia {unknown}
Potions
 j - 3 potions of heal wounds {unknown}
 k - a potion of might {unknown}


   Skills:
 + Level 6.1 Fighting
 * Level 6.1 Maces & Flails
 - Level 2.0 Throwing
 + Level 4.6 Dodging


You had 6 spell levels left.
You didn't know any spells.
Your spell library contained the following spells:

 Spells                   Type           Power      Damage    Failure   Level
 Foxfire                  Conj/Fire      0%         2x1d4     38%         1
 Summon Small Mammal      Summ           0%         N/A       38%         1
 Corpse Rot               Necr/Air       0%         N/A       52%         2
 Ensorcelled Hibernation  Hex/Ice        0%         N/A       52%         2
 Passwall                 Tmut/Erth      0%         N/A       52%         2
 Poisonous Vapours        Pois/Air       0%         N/A       52%         2
 Call Canine Familiar     Summ           0%         N/A       77%         3
 Conjure Flame            Conj/Fire      0%         6-21      77%         3
 Inner Flame              Hex/Fire       0%         N/A       77%         3
 Summon Guardian Golem    Hex/Summ       0%         N/A       77%         3
 Swiftness                Air            0%         N/A       77%         3
 Tukima's Dance           Hex            0%         N/A       77%         3
 Flame Wave               Conj/Fire      0%         2d4       99%         4
 Passage of Golubria      Tloc           0%         N/A       99%         4
 Yara's Violent Unravell  Hex/Tmut       0%         3d3       100%        5


Dungeon Overview and Level Annotations

Branches:
Dungeon (5/15)             Temple (1/1) D:5

Altars:
Cheibriados
Dithmenos
Gozag
Hepliaklqana
Kikubaaqudgha
Makhleb
Qazlal
Ru
Sif Muna
Trog
Uskayaw
Vehumet
Wu Jian
Xom
Yredelemnul
The Shining One

Shops:
D:2 ?

Annotations:
D:4 1 runed translucent door, Crazy Yiuf


Innate Abilities, Weirdness & Mutations

You are too large for most types of armour.
You have tough skin. (AC +1)


Message History

The orc warrior hits you with a +0 scimitar!
You hit the orc warrior but do no damage.
The orc wizard mumbles some strange words.
The orc wizard flickers and vanishes!
Deactivating autopickup; reactivate with Ctrl-A.
The orc warrior hits you with a +0 scimitar!
The orc priest shouts!
You puncture the orc warrior!
The orc warrior is heavily wounded.
The orc warrior hits you with a +0 scimitar!
The orc priest calls upon Beogh to heal the orc warrior.
The orc warrior is healed somewhat.
There is an open door here.
You hear some strange, mumbled words.
You are confused.
The orc priest begins to cast a cantrip, but forgets the words!
The orc priest invokes the aid of Beogh against you.
Beogh smites you!
* * * LOW HITPOINT WARNING * * *
You are too confused!
You feel better.
You hear some strange, mumbled words.
A puff of flame appears from out of thin air!
The puff of flame hits you!
* * * LOW HITPOINT WARNING * * *
The orc priest looks braver for a moment.
The orc warrior misses you.
Unknown command.
As you read the scroll of teleportation, it crumbles to dust.
You feel strangely unstable.
You hear some strange, mumbled words.
You are confused.
The orc warrior hits you with a +0 scimitar!
* * * LOW HITPOINT WARNING * * *
Unknown command.
Unknown command.
You feel better. Something hits you.
* * * LOW HITPOINT WARNING * * *
The orc warrior hits you with a +0 scimitar!
You die...

# #.##.##.# ..
#....##.# ###
#.......# ###.###.##
#...###'###
#.#.#.....#####
#...#.###o#.[.#
#.#.).'>#.o{..#
#..)#)###.#@..#
#..##.....##.##
#...###'####.#
##.###..# #.# #.# #.##
#.# #+# #.###.#####.##
##.# #............#
##.####..#####..####
##...<...#####..######


You could see an orc warrior and an orc priest.

Vanquished Creatures
  Menkaure (D:4)
  Edmund (D:4)
  A black bear (D:3)
  A necrophage (D:4)
  A water moccasin skeleton (D:5)
  An orc priest (D:4)
  2 iguanas (D:4)
  An orc wizard (D:4)
  Robin (D:4)
  6 adders
  An ufetubus (D:3)
  2 adder skeletons
  2 worms
  2 dart slugs
  6 orcs
  12 endoplasms
  7 giant cockroaches
  14 goblins
  13 hobgoblins
  7 jackals
  2 quokkas
  4 ball pythons
  5 bats
  7 frilled lizards
  10 kobolds
  6 rats
116 creatures vanquished.

Notes
Turn   | Place    | Note
-------+----------+-------------------------------------------
     0 | D:1      | Infinimo the Ogre Gladiator began the quest for the Orb.
     0 | D:1      | Reached XP level 1. HP: 22/22 MP: 1/1
   496 | D:1      | Reached XP level 2. HP: 25/29 MP: 2/2
   984 | D:1      | Found a faded altar of an unknown god.
  1161 | D:1      | Reached XP level 3. HP: 34/37 MP: 3/3
  1569 | D:2      | Reached XP level 4. HP: 31/46 MP: 4/4
  2022 | D:2      | Found Xottor's Magic Scroll Boutique.
  2026 | D:2      | Bought a scroll of teleportation for 39 gold pieces
  2026 | D:2      | Bought a scroll of teleportation for 39 gold pieces
  3076 | D:3      | Reached XP level 5. HP: 42/54 MP: 5/5
  3237 | D:3      | Noticed a black bear
  3278 | D:3      | Killed a black bear
  3978 | D:4      | Noticed a necrophage
  3987 | D:4      | Killed a necrophage
  3988 | D:4      | Reached XP level 6. HP: 47/65 MP: 6/6
  4610 | D:4      | Reached skill level 5 in Fighting
  4610 | D:4      | Reached skill level 5 in Maces & Flails
  5345 | D:4      | Identified a scroll of acquirement
  5345 | D:4      | Acquired 688 gold pieces
  5380 | D:4      | Found a runed translucent door.
  5381 | D:4      | Noticed Crazy Yiuf
  5489 | D:4      | Noticed Menkaure
  5500 | D:4      | Noticed Edmund
  5774 | D:4      | Killed Edmund
  5775 | D:4      | Reached XP level 7. HP: 63/72 MP: 7/7
  6082 | D:4      | Noticed Robin
  6109 | D:4      | Killed Robin
  6305 | D:4      | Killed Menkaure
  6894 | D:5      | Entered Level 5 of the Dungeon
  7056 | D:5      | Found a staircase to the Ecumenical Temple.
  7068 | Temple   | Entered the Ecumenical Temple
  7337 | D:5      | Slain by an orc warrior

Illustrated notes

Levels and vault maps discovered:
D:1:      mrwooster_arrival_arrow, layout_rooms,
          shapermc_ecumenical_altar_starsandcircs, minmay_small_reverse_x
D:2:      layout_basic, serial_shops, shop, minmay_ruptured
D:3:      layout_basic, serial_rivers, chequers_serial_rivers_small_b,
          chequers_serial_rivers_micro_b, chequers_serial_rivers_micro_a,
          chequers_serial_rivers_large_a, chequers_serial_rivers_small_b
D:4:      layout_loops_corners, gup_sewer_entry_spiral, uniq_edmund,
          uniq_menkaure, uniq_crazy_yiuf_cottage, uniq_robin
D:5:      minmay_bubble_buster, layout_loops_cross, okawaru_altar_gauntlet_db,
          minmay_temple_entry_glassed_door
Temple:   nicolae_temple_x_marks_the_god

Skill      XL: |  1  2  3  4  5  6  7 |
---------------+----------------------+-----
Fighting       | 3 4 5 6 |  6.1
Maces & Flails | 3 4 5 6 |  6.1
Dodging        | 3 4 |  4.6
Throwing       | |  2.0

Action                   |  1- 3 |  4- 6 |  7- 9 || total
-------------------------+-------+-------+-------++-------
Melee: Flail             |   128 |    55 |    61 ||   244
       Dagger            |       |   152 |       ||   152
       Punch             |       |     4 |     1 ||     5
       Morningstar       |       |       |    15 ||    15
Throw: Throwing net      |       |     2 |       ||     2
Evoke: Wand              |       |     7 |       ||     7
  Use: Scroll            |       |     8 |     1 ||     9
       Potion            |       |       |     2 ||     2
Armor: Robe              |    58 |    54 |    13 ||   125
Dodge: Dodged            |    80 |   121 |    22 ||   223
